 Dungeon Crawl Stone Soup version 0.21.1-1-g345015f (webtiles) character file.

4522 Mirai the Covert (level 10, -7/50 HPs)
             Began as a Kobold Enchanter on Apr 26, 2018.
             Was an Elder of Okawaru.
             Mangled by a two-headed ogre
             ... wielding a +0 giant club
              (20 damage)
             ... on level 8 of the Dungeon.
             The game lasted 00:29:52 (8736 turns).

Mirai the Covert (Kobold Enchanter)                 Turns: 8736, Time: 00:29:53

Health: -7/50      AC:  7    Str: 11    XL:     10   Next: 66%
Magic:  19/19      EV: 20    Int: 16    God:    Okawaru [****..]
Gold:   328        SH:  0    Dex: 19    Spells: 12/21 levels left

rFire    . . .     SeeInvis .   j - +1 dagger (protect)
rCold    + . .     Gourm    .   (shield restricted)
rNeg     . . .     Faith    .   D - +2 leather armour of Qostuf {*Corrode +Blink rC+}
rPois    .         Spirit   .   A - +0 helmet
rElec    .         Reflect  .   (no cloak)
rCorr    .         Harm     .   (no gloves)
MR       .....                  p - +0 pair of boots
Stlth    ++++......             B - amulet of magic regeneration
HPRegen  0.16/turn              f - +5 ring of strength
MPRegen  0.41/turn              (no ring)

@: about to teleport
A: small, carnivore
a: Heroism, Renounce Religion, Evoke Blink


You were on level 8 of the Dungeon.
You worshipped Okawaru.
Okawaru was greatly pleased with you.
You were very full.

You visited 2 branches of the dungeon, and saw 9 of its levels.
You also visited: Ossuary.

You collected 328 gold pieces.

Inventory:

Hand Weapons
 b - a +1 dagger of draining
 j - a +1 dagger of protection (weapon)
 x - a +3 dagger
 L - a +1 short sword of venom
Armour
 m - a +1 robe of magic resistance
 p - a +0 pair of boots (worn)
 z - a +0 helmet
 A - a +0 helmet (worn)
 D - the +2 leather armour of Qostuf (worn) {*Corrode +Blink rC+}
   (You found it on level 7 of the Dungeon)

   It protects you from cold.
   It lets you blink.
   It may corrode you when you take damage.
 R - a +0 pair of gloves
Jewellery
 f - a +5 ring of strength (left hand)
 B - an amulet of magic regeneration (around neck)
 G - an uncursed ring of fire
 I - an uncursed ring of magical power {unknown}
 J - an uncursed amulet of rage {unknown}
Wands
 t - a wand of paralysis (24)
 K - a wand of polymorph (7)
 M - a wand of iceblast (8)
 N - a wand of acid (10)
Scrolls
 h - 13 scrolls of identify {unknown}
 i - 5 scrolls of teleportation
 l - 2 scrolls of remove curse {unknown}
 o - 2 scrolls of amnesia {unknown}
 q - 3 scrolls of random uselessness {unknown}
 r - 4 scrolls of immolation {unknown}
 w - a scroll of enchant weapon {unknown}
 y - a scroll of noise {unknown}
 C - 3 scrolls of enchant armour {unknown}
 H - a scroll of vulnerability {unknown}
Potions
 a - 4 potions of heal wounds {unknown}
 e - 3 potions of flight {unknown}
 g - 7 potions of curing
 k - a potion of might {unknown}
 n - a potion of degeneration {unknown}
 s - a potion of haste {unknown}
 u - 2 potions of lignification {unknown}
 v - a potion of magic {unknown}
 E - a potion of cancellation {unknown}
 O - a potion of resistance {unknown}
 P - 3 potions of mutation {unknown}
Books
 c - a book of Maledictions

   Spells                             Type                      Level
   a - Corona                         Hexes                        1
   b - Ensorcelled Hibernation        Hexes/Ice                    2
   c - Confuse                        Hexes                        3
   d - Tukima's Dance                 Hexes                        3
   e - Dazzling Spray                 Conjuration/Hexes            3
 F - a book of Cantrips

   Spells                             Type                      Level
   a - Confusing Touch                Hexes                        1
   b - Animate Skeleton               Necromancy                   1
   c - Summon Small Mammal            Summoning                    1
   d - Apportation                    Translocation                1
Comestibles
 d - 17 rations
 Q - 2 chunks of flesh


   Skills:
 + Level 8.1 Short Blades
 + Level 3.3 Armour
 + Level 7.6 Dodging
 + Level 9.6 Stealth
 + Level 6.4 Spellcasting
 + Level 6.8 Hexes
 - Level 4.0 Ice Magic


You had 12 spell levels left.
You knew the following spells:

 Your Spells              Type           Power        Failure   Level  Hunger
a - Corona                Hex            ####...      1%          1    None
b - Ensorcelled Hibernat  Hex/Ice        ###...       2%          2    None
c - Confuse               Hex            ####....     3%          3    ##.....
d - Tukima's Dance        Hex            ####....     3%          3    ##.....


Dungeon Overview and Level Annotations

Branches:
Dungeon (8/15)             Temple (1/1) D:6
   Lair: D:8-11

Altars:
Ashenzari
Cheibriados
Dithmenos
Elyvilon
Fedhas
Gozag
Hepliaklqana
Kikubaaqudgha
Makhleb
Nemelex Xobeh
Okawaru
Qazlal
Ru
Sif Muna
Trog
Uskayaw
Vehumet
Wu Jian
Xom
Yredelemnul
Zin
The Shining One


Innate Abilities, Weirdness & Mutations

You are small and have problems with some larger weapons.
You are carnivorous and can eat meat at any time.


Message History

A sky beast comes into view.
Some of the chunks of flesh in your inventory have rotted away.
The orc warrior shouts!
The orc priest casts a cantrip, but nothing happens.
The orc priest calls down the wrath of Beogh upon you.
Beogh smites you!
* * * LOW HITPOINT WARNING * * *
The orc shouts!
You hear a shout!
You feel better.
The two-headed ogre completely misses you.
The two-headed ogre misses you. The sky beast hits you.
The sky beast shocks you.
* * * LOW HITPOINT WARNING * * *
Unknown command.
As you read the scroll of teleportation, it crumbles to dust.
You feel strangely unstable.
The sky beast hits you but does no damage.
The two-headed ogre hits you with a giant club!!
You die...

#oO..####### **** ###o###.....##
.............#
....###......#####
.................# ########
.................# #.......
.................# #.......
####.............# #.......
#..<.....o...@# #.......
#..........oYO# #.......
#...........oo# ##.......
#.......o....o# #..#####.
#.............# #.##._.##
#.............# #..##'##.
**#.............###### #........
*,................o..###.8.....8
*,,,****#######............8.8..


You could see a two-headed ogre, an orc warrior, a sky beast, an orc priest, an
orc wizard and 3 orcs.

Vanquished Creatures
  A two-headed ogre (D:8)
  Maurice (D:8)
  The ghost of Flooderbenga the Grave Robber, an amateur GnNe (D:7)
  A hippogriff (D:7)
  A spriggan (D:7)
  Menkaure (Ossuary)
  Edmund (D:5)
  4 ice beasts
  A sky beast (D:6)
  3 phantoms
  2 black bears
  3 ogres
  3 centaurs
  A big kobold (D:7)
  4 bullfrogs
  A centaur zombie (D:7)
  3 crimson imps
  2 quasits (D:6)
  3 hounds
  2 orc priests
  A bullfrog skeleton (D:5)
  5 orc wizards
  2 iguanas (D:4)
  10 worker ants
  A killer bee zombie (D:7)
  A hound skeleton (D:4)
  4 mummies
  8 adders
  5 shadow imps
  3 oozes
  2 adder skeletons
  A dart slug (D:1)
  6 leopard geckos
  23 orcs
  2 ball pythons
  7 giant cockroaches
  2 gnoll zombies (Ossuary)
  13 goblins
  4 hobgoblins
  8 jackals
  6 quokkas
  7 bats
  3 frilled lizards
  3 gnoll skeletons (Ossuary)
  2 goblin skeletons (Ossuary)
  2 goblin zombies (Ossuary)
  3 hobgoblin skeletons (Ossuary)
  6 hobgoblin zombies
  3 kobolds
  A kobold skeleton (Ossuary)
  A kobold zombie (Ossuary)
  2 orc skeletons (Ossuary)
  An orc zombie (D:8)
  9 rats
  3 rat skeletons (Ossuary)
  3 rat zombies (Ossuary)
202 creatures vanquished.

Vanquished Creatures (others)
  A gnoll skeleton (Ossuary)
  A gnoll zombie (Ossuary)
  A goblin skeleton (Ossuary)
  A goblin zombie (Ossuary)
  2 hobgoblin skeletons (Ossuary)
  3 hobgoblin zombies (Ossuary)
  2 kobold skeletons (Ossuary)
  3 kobold zombies (Ossuary)
  4 orc skeletons (Ossuary)
  2 orc zombies (Ossuary)
  A rat skeleton (Ossuary)
  2 rat zombies (Ossuary)
23 creatures vanquished.

Grand Total: 225 creatures vanquished

Notes
Turn   | Place    | Note
-------+----------+-------------------------------------------
     0 | D:1      | Mirai the Kobold Enchanter began the quest for the Orb.
     0 | D:1      | Reached XP level 1. HP: 10/10 MP: 3/3
   361 | D:1      | Reached XP level 2. HP: 15/15 MP: 5/5
   388 | D:1      | Learned a level 2 spell: Ensorcelled Hibernation
   971 | D:2      | Reached XP level 3. HP: 19/19 MP: 6/6
  1307 | D:2      | Reached XP level 4. HP: 20/24 MP: 7/7
  1316 | D:2      | Learned a level 3 spell: Confuse
  1911 | D:3      | Found an ornate altar of the Wu Jian Council.
  1938 | D:3      | Reached XP level 5. HP: 28/28 MP: 9/9
  2292 | D:3      | Reached skill level 5 in Stealth
  2316 | D:3      | Found a glowing golden altar of the Shining One.
  2679 | D:4      | Learned a level 3 spell: Tukima's Dance
  2689 | D:4      | Reached XP level 6. HP: 26/32 MP: 5/10
  2752 | D:4      | Found a hide-covered altar of Uskayaw.
  2877 | D:4      | Found a shadowy altar of Dithmenos.
  3042 | D:4      | Noticed an ogre
  3050 | D:4      | Killed an ogre
  3115 | D:4      | Reached XP level 7. HP: 34/36 MP: 9/12
  3334 | D:5      | Entered Level 5 of the Dungeon
  3463 | D:5      | Found an opulent altar of Gozag.
  3545 | D:5      | Reached skill level 6 in Stealth
  3584 | D:5      | Noticed Edmund
  3595 | D:5      | Killed Edmund
  3595 | D:5      | Reached skill level 1 in Ice Magic
  3632 | D:5      | Found a hazy altar of Hepliaklqana.
  4410 | D:6      | Reached XP level 8. HP: 41/41 MP: 7/14
  4432 | D:6      | Reached skill level 5 in Short Blades
  4432 | D:6      | Reached skill level 5 in Dodging
  4664 | D:6      | Found a staircase to the Ecumenical Temple.
  4670 | Temple   | Entered the Ecumenical Temple
  4815 | Temple   | Became a worshipper of Warmaster Okawaru
  4991 | D:6      | Reached skill level 7 in Stealth
  5062 | D:6      | Reached skill level 5 in Hexes
  5582 | D:6      | Reached XP level 9. HP: 45/45 MP: 12/16
  5809 | D:7      | Got a translucent leather armour
  5820 | D:7      | Identified the +2 leather armour of Qostuf {*Corrode +Blink rC+} (You found it on level 7 of the Dungeon)
  5873 | D:7      | Reached * piety under Okawaru
  5873 | D:7      | Reached skill level 5 in Spellcasting
  6105 | D:7      | Reached skill level 1 in Armour
  6133 | D:7      | Reached skill level 8 in Stealth
  6243 | D:7      | Noticed a hippogriff
  6256 | D:7      | Killed a hippogriff
  6256 | D:7      | Reached ** piety under Okawaru
  6301 | D:7      | Found a blossoming altar of Fedhas.
  6696 | D:7      | Noticed Flooderbenga's ghost (amateur GnNe)
  6709 | D:7      | Killed Flooderbenga's ghost
  6709 | D:7      | Reached XP level 10. HP: 50/50 MP: 4/18
  7282 | D:8      | Noticed a two-headed ogre
  7723 | D:8      | Found a deep blue altar of Sif Muna.
  7726 | D:8      | Found a sand-covered staircase.
  7747 | Ossuary  | Entered an ossuary
  8152 | Ossuary  | Noticed Menkaure
  8159 | Ossuary  | Killed Menkaure
  8159 | Ossuary  | Reached skill level 9 in Stealth
  8457 | D:8      | Found a shadowy altar of Dithmenos.
  8589 | D:8      | Noticed Maurice
  8594 | D:8      | Killed Maurice
  8594 | D:8      | Reached *** piety under Okawaru
  8648 | D:8      | Noticed a two-headed ogre
  8660 | D:8      | Killed a two-headed ogre
  8660 | D:8      | Reached **** piety under Okawaru
  8687 | D:8      | Found a glowing silver altar of Zin.
  8736 | D:8      | Mangled by a two-headed ogre

Skill      XL: |  1  2  3  4  5  6  7  8  9 10 |
---------------+-------------------------------+-----
Short Blades   | 2 3 4 5 7 8 |  8.1
Dodging        | 3 4 5 6 7 |  7.6
Stealth        | 5 6 7 8 9 |  9.6
Spellcasting   | 3 4 5 6 |  6.4
Hexes          | 4 5 6 |  6.8
Ice Magic      | 1 3 4 |  4.0
Armour         | 2 3 |  3.3

Action                   |  1- 3 |  4- 6 |  7- 9 | 10-12 || total
-------------------------+-------+-------+-------+-------++-------
Melee: Dagger            |   118 |   215 |   367 |   277 ||   977
 Cast: Ensorcelled Hiber |     1 |    15 |    34 |    23 ||    73
       Corona            |     1 |       |       |       ||     1
       Confuse           |       |     1 |    27 |     7 ||    35
  Use: Scroll            |       |       |       |     3 ||     3
       Potion            |       |       |       |     2 ||     2
 Stab: Sleeping          |     7 |    14 |    31 |    19 ||    71
       Distracted        |       |     1 |     1 |     5 ||     7
       Confused          |       |     1 |    15 |     2 ||    18
  Eat: Chunk             |    10 |     7 |    13 |     8 ||    38
Armor: Robe              |    24 |    42 |    59 |       ||   125
       Leather armour    |       |       |    21 |    43 ||    64
Dodge: Dodged            |    82 |   179 |   263 |   139 ||   663
